 Dungeon Crawl Stone Soup version 0.19.1-1-g22dce08 (webtiles) character file.

7 ponk the Grasshopper (level 2, -11/25 HPs)
             Began as a Ghoul Warper on Jan 8, 2017.
             Mangled by a gnoll
             ... wielding a +0 halberd
              (12 damage)
             ... on level 1 of the Dungeon.
             The game lasted 00:02:03 (203 turns).

ponk the Grasshopper (Ghoul Warper)                  Turns: 203, Time: 00:02:04

Health: -11/25     AC:  3    Str: 14    XL:     2   Next: 4%
Magic:  3/3        EV: 11    Int:  8    God:
Gold:   40         SH:  0    Dex:  8    Spells: 0 memorised, 4 levels left

rFire  . . .     SeeInvis .     i - -3 short sword (curse)
rCold  + . .     Gourm    .     a - +0 leather armour
rNeg   + + +     Faith    .     (no shield)
rPois  ∞         Spirit   .     (no helmet)
rElec  .         Reflect  .     (no cloak)
rCorr  .         Harm     .     (no gloves)
MR     +....     Rnd*Tele +     (no boots)
Stlth  +.........               (no amulet)
                                h - ring of teleportation (curse)
                                e - ring of protection from magic

@: rotting
A: rotting body, claws 1, carnivore 3, cold resistance 1, negative energy
resistance 3, slow regeneration 1, torment resistance, unbreathing
a: no special abilities


You were on level 1 of the Dungeon.
You were not hungry.

You visited 1 branch of the dungeon, and saw 1 of its levels.

You collected 40 gold pieces.

Inventory:

Hand Weapons
 i - a cursed -3 short sword (weapon)
Missiles
 d - 5 tomahawks of dispersal (quivered)
Armour
 a - a +0 leather armour (worn)
Jewellery
 e - a ring of protection from magic (left claw)
 h - a cursed ring of teleportation (right claw)
Scrolls
 c - a scroll of blinking
Potions
 g - a potion of degeneration {unknown}
Books
 b - a book of Spatial Translocations

   Spells                             Type                      Level
   a - Blink                          Translocation                2
   b - Shroud of Golubria             Charms/Translocation         2
   c - Lesser Beckoning               Translocation                3
   d - Portal Projectile              Translocation                3
   e - Teleport Other                 Translocation                3
   f - Passage of Golubria            Translocation                4
Comestibles
 f - 3 chunks of flesh


   Skills:
 + Level 2.3 Fighting
 + Level 0.8 Throwing
 + Level 1.0 Armour
 + Level 2.1 Dodging
 + Level 2.3 Unarmed Combat
 + Level 1.8 Spellcasting
   Level 2.6 Translocations


You had 4 spell levels left.
You didn't know any spells.

Dungeon Overview and Level Annotations

Branches:
Dungeon (1/15)

Altars:


Innate Abilities, Weirdness & Mutations

Your body is rotting away.
You thrive on raw meat.
You are immune to poison.
You have sharp fingernails.
You are carnivorous and can eat meat at any time.
Your flesh is cold resistant. (rC+)
You are immune to negative energy. (rN+++)
You regenerate slowly when monsters are visible.
You are immune to unholy pain and torment.
You can survive without breathing.


Message History

i - a cursed -3 short sword (weapon)
The bat hits you but does no damage.
You closely miss the bat. The bat hits you but does no damage.
The bat closely misses you. x2
The gnoll hits you from afar with a halberd!
* * * LOW HITPOINT WARNING * * *
The bat misses you.
A kobold comes into view.
You barely miss the gnoll. The bat hits you but does no damage.
The gnoll hits you with a halberd.
* * * LOW HITPOINT WARNING * * *
You hit the gnoll.
The gnoll is moderately wounded.
The bat closely misses you. The gnoll barely misses you.
You closely miss the gnoll.
The gnoll is moderately wounded.
The bat hits you.
* * * LOW HITPOINT WARNING * * *
The gnoll hits you with a halberd!
You die...

#########.#
#..........
.
#..........
..
#..........
.
#..........
.#
#..b.......
..
#.......K..
..
#..@g......
..
###.########
#. #...# #.
#.### #. #.#
.. #.# #
###.####
#......#
#......#


You could see a gnoll, a bat and a kobold.

Vanquished Creatures
  A bat (D:1)
  A hobgoblin (D:1)
  3 kobolds (D:1)
  A rat (D:1)
6 creatures vanquished.

Notes
Turn   | Place    | Note
-------+----------+-------------------------------------------
     0 | D:1      | ponk the Ghoul Warper began the quest for the Orb.
     0 | D:1      | Reached XP level 1. HP: 17/17 MP: 2/2
   132 | D:1      | Reached skill level 1 in Armour
   194 | D:1      | Reached XP level 2. HP: 18/25 MP: 3/3
   203 | D:1      | HP: 1/25 [bat (1)]
   203 | D:1      | Mangled by a gnoll

Skill      XL: |  1 |
---------------+----+-----
Dodging        | 2 |  2.1
Armour         | 1 |  1.0
Fighting       | |  2.3
Throwing       | |  0.8
Unarmed Combat | |  2.3
Spellcasting   | |  1.8
Translocations | |  2.6

Action                   || total
-------------------------++-------
Melee: Unarmed           ||    15
       Short sword       ||     4
  Eat: Meat ration       ||     1
       Chunk             ||     1
Armor: Leather armour    ||    10
Dodge: Dodged            ||    17
